 Dungeon Crawl Stone Soup version 0.14.2 (webtiles) character file.

856 dngmouse the Skirmisher (level 7, -5/56 HPs)
             Began as a Demonspawn Chaos Knight on May 31, 2015.
             Was a Plaything of Xom.
             Killed from afar by in250t's ghost (13 damage)
             ... with a blast of negative energy
             ... on Level 5 of the Dungeon.
             The game lasted 00:32:25 (3462 turns).

dngmouse the Skirmisher (Demonspawn Chaos Knight)   Turns: 3462, Time: 00:32:25

HP  -5/56        AC  7     Str 14      XL: 7   Next: 24%
MP   7/7         EV 11     Int 14      God: Xom
Gold 225         SH  0     Dex 12      Spells:  0 memorised,  6 levels left

rFire  . . .     SeeInvis .     a - +0,+1 hand axe (chaos)
rCold  + . .     Clarity  .     u - +0 ring mail {rC+}
rNeg   . . .     Conserve .     q - +0 buckler
rPois  .         rCorr    .     (no helmet)
rElec  .         rRot     .     (no cloak)
SustAb . .       Spirit   .     w - +0 pair of gloves
rMut   .         Warding  .     (no boots)
Saprov . . .     Stasis   .     (no amulet)
MR     .....                    (no ring)
                                (no ring)

@: confused, lethally poisoned, heavily drained, not resistant to hostile
enchantments, extremely unstealthy
A: repulsion field 2, carnivore 1, demonic guardian 2, powered by pain 1, shaggy
fur 1, wild magic 1
a: Renounce Religion


You were on level 5 of the Dungeon.
You worshipped Xom.
You were Xom's teddy bear.
You were hungry.

You visited 1 branch of the dungeon, and saw 5 of its levels.
You also visited: Sewer.

You collected 225 gold pieces.

Inventory:

Hand weapons
 a - a +0,+1 hand axe of chaos (weapon)
 o - a +0,+0 sling
Missiles
 p - 12 stones
 r - 12 sling bullets of flame (quivered)
Armour
 q - a +0 buckler (worn)
 u - a +0 ring mail of cold resistance (worn)
 w - a +0 pair of gloves (worn)
Magical devices
 t - a wand of polymorph (7)
 A - a wand of polymorph (10)
 C - a wand of polymorph (9)
 E - a wand of polymorph (15)
Comestibles
 c - 2 bread rations
 f - a rambutan
 B - 2 pears
 H - a rotting chunk of worker ant flesh
Scrolls
 d - 8 scrolls of identify
 l - a scroll of magic mapping
 y - a scroll of noise {unknown}
 D - a scroll of amnesia {unknown}
 F - a scroll of enchant weapon I {unknown}
 G - a scroll of random uselessness {unknown}
Jewellery
 v - an uncursed amulet of stasis
Potions
 h - a potion of magic {unknown}
 i - 2 potions of agility {unknown}
 k - 2 potions of curing
 m - a potion of resistance {unknown}
 n - 2 potions of brilliance {unknown}
 s - a potion of restore abilities {unknown}
 x - 2 potions of poison {unknown}
 z - a potion of might {unknown}


   Skills:
 + Level 5.4(3.9) Fighting
 + Level 4.7(3.2) Axes
 + Level 4.4(2.9) Armour
 - Level 0.8(0.0) Dodging
 + Level 0.7(0.0) Evocations


You had 6 spell levels left.
You didn't know any spells.

Dungeon Overview and Level Annotations

Branches:
Dungeon (5/15)
 Temple: D:4-7

Altars:

Annotations:
D:5 in250t's ghost, experienced DrWz


Innate Abilities, Weirdness & Mutations

You are surrounded by a moderate repulsion field (EV +3).
A demonic guardian rushes to your aid.
You sometimes gain a little power by taking damage.
Your digestive system is specialised to digest meat.
You are covered in fur (AC +1).
Your spells are a little harder to cast, but a little more powerful.


Message History

You are engulfed in noxious fumes.
You choke on the stench!
You are more confused.
* * * LOW HITPOINT WARNING * * *
x2 You feel sick.
In250t's ghost casts a spell.
In250t's ghost blinks!
You are engulfed in noxious fumes.
You choke on the stench!
You are more confused.
* * * LOW HITPOINT WARNING * * *
x2 You feel sick.
You hit in250t's ghost.
In250t's ghost is almost destroyed.
You are engulfed in noxious fumes.
You choke on the stench!
You are more confused.
* * * LOW HITPOINT WARNING * * *
x2 You feel sick.
In250t's ghost breathes negative energy at you.
The blast of negative energy hits you!
You feel drained.
You die...
Xom snickers!

#.# #...<.########.# #.# #...<.#
*,# ##.# #.....# ###*,* #..#
###.### #.[,,* #.#######.# #.#***
#.........# #.# #(########## #.#
** #(# #...ยงยงยง# #.# ,*
####(###.####@######.# ,*
#...........p........######
,###.##(#.##.#####>###.).....# *
,#.....(..##.#####.###.#####.####
......#.....[...##p##.....)......
.#.#..##..##.#...#.##..##.##.#.##
*#.#......#*.#...#.##........#.#
#........#*,......##.###.####.#
#........#**#...####.###.# #.#


You could see in250t's ghost.

Vanquished Creatures
  The ghost of AIFortress the Chopper, an average DDBe of Trog (D:4)
  An ogre (D:4)
  2 giant frogs (Sewer)
  A hound (D:4)
  An orc priest (D:3)
  A worker ant (D:4)
  7 adders
  5 giant mites
  A giant eyeball (D:4)
  2 orcs (D:3)
  A ball python (D:1)
  10 giant cockroaches
  7 goblins
  13 hobgoblins
  3 jackals (D:3)
  3 quokkas
  8 bats
  6 giant geckos
  9 giant newts
  9 kobolds
  A quokka skeleton (D:4)
  8 rats
100 creatures vanquished.

Vanquished Creatures (collateral kills)
  A centaur (D:5)
  A worker ant (D:5)
  Ijyb (D:3)
  A giant mite (D:3)
  An orc zombie (D:5)
  An adder skeleton (D:4)
  3 jackals (D:4)
  A kobold (D:4)
10 creatures vanquished.

Vanquished Creatures (others)
  A soul eater (D:5)
  3 sun demons (D:5)
  A sixfirhy (D:5)
  A quasit (D:4)
  A crimson imp (D:3)
  2 iron imps
  An ufetubus (D:4)
  A hobgoblin (D:5)
11 creatures vanquished.

Grand Total: 121 creatures vanquished

Notes
Turn   | Place    | Note
--------------------------------------------------------------
     0 | D:1      | dngmouse, the Demonspawn Chaos Knight, began the quest for the Orb.
     0 | D:1      | Reached XP level 1. HP: 18/18 MP: 1/1
   161 | D:1      | Gained mutation: You are surrounded by a mild repulsion field (EV +2). [demonic ancestry]
   161 | D:1      | Reached XP level 2. HP: 20/24 MP: 2/2
   376 | D:1      | XOM: colour smoke trail
   474 | D:1      | Gained mutation: A weak demonic guardian rushes to your aid. [demonic ancestry]
   474 | D:1      | Reached XP level 3. HP: 22/29 MP: 3/3
   693 | D:2      | XOM: colour smoke trail
   785 | D:2      | XOM: mild Tloc miscast
   800 | D:2      | XOM: summons 2 hostile shadow creatures
  1019 | D:2      | XOM: god gift: 12 sling bullets of flame
  1052 | D:2      | XOM: cast spell 'Dragon Form'
  1100 | D:3      | Found a glowing drain.
  1109 | D:3      | Gained mutation: You are surrounded by a moderate repulsion field (EV +3). [demonic ancestry]
  1109 | D:3      | Reached XP level 4. HP: 36/36 MP: 4/4
  1124 | Sewer    | Entered a sewer
  1301 | Sewer    | XOM: severe Erth miscast
  1416 | Sewer    | XOM: harmless Ice miscast
  1444 | Sewer    | Noticed a giant frog
  1446 | Sewer    | Noticed a giant frog
  1448 | Sewer    | Killed a giant frog
  1448 | Sewer    | Reached skill level 4 in Fighting
  1448 | Sewer    | Reached XP level 5. HP: 38/42 MP: 5/5
  1451 | Sewer    | Killed a giant frog
  1896 | D:3      | Noticed Ijyb
  1904 | D:3      | Killed Ijyb
  1969 | D:3      | Gained mutation: You sometimes gain a little power by taking damage. [demonic ancestry]
  1969 | D:3      | Reached XP level 6. HP: 43/49 MP: 6/6
  2167 | D:3      | XOM: cast spell 'Dispersal'
  2449 | D:4      | XOM: summons friendly chaos spawn
  2478 | D:4      | XOM: cast spell 'Summon Butterflies'
  2507 | D:4      | Reached skill level 5 in Fighting
  2579 | D:4      | Noticed AIFortress' ghost (average DDBe)
  2582 | D:4      | XOM: polymorph adder -> quokka
  2588 | D:4      | XOM: cast spell 'Beastly Appendage'
  2597 | D:4      | Killed AIFortress' ghost
  2649 | D:4      | Paralysed by a giant eyeball for 2 turns
  2679 | D:4      | Gained mutation: A demonic guardian rushes to your aid. [demonic ancestry]
  2679 | D:4      | Reached XP level 7. HP: 39/56 MP: 7/7
  3090 | D:5      | Entered Level 5 of the Dungeon
  3198 | D:5      | Noticed in250t's ghost (experienced DrWz)
  3248 | D:4      | XOM: give mutations
  3248 | D:4      | Gained mutation: Your digestive system is specialised to digest meat. [Xom's grace]
  3248 | D:4      | Gained mutation: You are covered in fur (AC +1). [Xom's grace]
  3248 | D:4      | Gained mutation: Your spells are a little harder to cast, but a little more powerful. [Xom's grace]
  3462 | D:5      | Killed from afar by in250t's ghost

Action                   |  1- 3 |  4- 6 |  7- 9 || total
-------------------------+-------+-------+-------++-------
Melee: Hand axe          |    91 |   211 |    27 ||   329
       Unarmed           |     9 |    14 |       ||    23
       Long sword        |       |       |     6 ||     6
 Fire: Sling             |       |       |     2 ||     2
Evoke: Wand              |       |     4 |       ||     4
  Use: Potion            |       |     1 |     2 ||     3
       Scroll            |       |       |     7 ||     7
 Stab: Petrifying        |     1 |     1 |       ||     2
       Sleeping          |     1 |       |       ||     1
       Paralysed         |       |    10 |       ||    10
       Distracted        |       |     1 |     1 ||     2
       Petrified         |       |     1 |       ||     1
